 Dungeon Sprint DCSS version 0.30-a0-605-gb2882149bf (webtiles) character file.

Game seed: 16301530910020879506

9363 mhtbhm the Brawler (level 11, -2/124 HPs)
             Began as a Troll Transmuter on Jan 7, 2023.
             Was an Initiate of Gozag.
             Killed from afar by Dowan (44 damage)
             ... with a stone arrow
             ... in the Dungeon (Sprint III: "The Ten Rune Challenge").
             The game lasted 00:05:56 (1576 turns).

mhtbhm the Brawler (Troll Transmuter)               Turns: 1576, Time: 00:05:57

Health: -2/124     AC:  6    Str: 24    XL:     11   Next: 22%
Magic:  17/21      EV: 12    Int:  9    God:    Gozag
Gold:   6074       SH:  0    Dex: 10    Spells: 15/25 levels left

rFire   x . .      SeeInvis .      - Unarmed
rCold   + + +      Faith    .    (shield currently unavailable)
rNeg    . . .      Spirit   .    (body armour currently unavailable)
rPois   +          Reflect  .    (helmet currently unavailable)
rElec   .          Harm     .    (cloak currently unavailable)
rCorr   .          Rampage  .    (gloves unavailable)
Will    .....      NoTele   +    (boots unavailable)
Stlth   ++                       (no amulet)
HPRegen 1.20/turn                (no ring)
MPRegen 0.17/turn                (no ring)

@: ice-form, wereblooded, gold aura
A: freezing attack, amphibious, boosted hp, large, unfitting armour, (claws 3),
regeneration 1, (shaggy fur 1), (tough skin 1)
a: End Transformation, Renounce Religion, Potion Petition, Call Merchant, Bribe
Branch


You were in the Dungeon.
You worshipped Gozag.
Gozag was greatly pleased with you.
You were a creature of crystalline ice.
You visited 1 branch You collected 7459 gold pieces.
You spent 406 gold pieces at shops.
You paid 979 gold pieces to Gozag.

Inventory:

Armour
 a - a +0 robe (melded)
Scrolls
 h - 3 scrolls of enchant armour
 l - a scroll of immolation
 o - a scroll of torment
 q - 3 scrolls of fear
Potions
 b - a potion of lignification
 c - 3 potions of curing
 d - a potion of heal wounds
 e - a potion of haste
 f - 2 potions of magic
 i - a potion of brilliance
 j - 2 potions of cancellation
 k - 3 potions of mutation
 n - a potion of attraction {unknown}
 p - 2 potions of flight
Miscellaneous
 g - a piece from Xom's chessboard (13/15)


   Skills:
 + Level 5.5 Fighting
 + Level 7.6 Dodging
 + Level 3.9 Stealth
 + Level 18.0 Unarmed Combat
 + Level 7.9 Spellcasting
 + Level 8.9 Transmutations
 + Level 3.9 Ice Magic
 + Level 0.1 Poison Magic
 + Level 1.3 Evocations


You had 15 spell levels left.
You knew the following spells:

 Your Spells              Type           Power      Damage    Failure   Level
a - Beastly Appendage     Tmut           38%        N/A       1%          1
b - Wereblood             Tmut           19%        N/A       1%          2
c - Spider Form           Tmut/Pois      11%        N/A       9%          3
d - Ice Form              Ice/Tmut       15%        N/A       13%         4

Your spell library contained the following spells:

 Spells                   Type           Power      Damage    Failure   Level
 Apportation              Tloc           6%         N/A       19%         1
 Alistair's Intoxication  Tmut/Pois      7%         N/A       61%         5


Dungeon Overview and Level Annotations

Branches:
Dungeon (1/1)

Altars:
Cheibriados
Dithmenos
Elyvilon
Fedhas
Gozag
Hepliaklqana
Kikubaaqudgha
Makhleb
Nemelex Xobeh
Okawaru
Qazlal
Ru
Sif Muna
Trog
Uskayaw
Vehumet
Wu Jian
Xom
Yredelemnul
Zin
The Shining One
Jiyva
Lugonu

Shops:
D [?*

Annotations:
D Dowan


Innate Abilities, Weirdness & Mutations

You are a creature of crystalline ice.
You have a powerful freezing melee attack.
You are amphibious.
Your maximum health is increased.
Your armour is entirely melded.
You are incapable of wielding weapons or throwing items.
You are too large for most types of armour.
((You have claws for hands.))
Your natural rate of healing is unusually fast.
((You are covered in fur. (AC +1)))
((You have tough skin. (AC +1)))


Message History

You pummel Duvessa!! You freeze Duvessa!
Duvessa is almost dead.
Duvessa hits you with a +2 great sword of freezing!
Duvessa freezes you.
You are too injured to fight recklessly!
You are too injured to fight recklessly!
You are too injured to fight recklessly!
You are too injured to fight recklessly!
You are too injured to fight recklessly!
You are too injured to fight recklessly!
You are too injured to fight recklessly!
You are too injured to fight recklessly!
You are too injured to fight recklessly!
You are too injured to fight recklessly!
You are too injured to fight recklessly!
You are too injured to fight recklessly!
You barely miss Duvessa.
Duvessa is almost dead.
Duvessa misses you.
Press: ? - help, v - describe, . - travel
Here: Duvessa, wielding a +2 great sword of freezing and quivering curare-tipped darts (almost dead, fast)
An open door, spattered with blood.
You pummel Duvessa!! You freeze Duvessa.
You feel a bit better.
You kill Duvessa!
Dowan screams, "No!
Oh no!"
Dowan seems to find hidden reserves of power!
Your piece from Xom's chessboard (13/15) has regained one charge.
Your Unarmed Combat skill increases to level 18!
You punch Dowan! You freeze Dowan.
Dowan is lightly wounded.
Dowan hits you but does no damage. Space warps horribly around you!
You pummel Dowan!! You freeze Dowan!
Dowan is heavily wounded.
Dowan hits you with a +1 morningstar of distortion!
You pummel Dowan!! You freeze Dowan!
Dowan is almost dead.
Dowan casts a spell at you. The stone arrow hits you!!!
You die...
Your body crumbles into a pile of gold.

#'###########################
#.§§~~'.#.'...'.#.#.#∩'...~≈#
#[#§§§#.#.#)..##.#.#.##...~≈#
'.#§§§#.#.#)).#.#.#.#.#...~≈≈≈#
#.#..§#∩..#...##.#?#.##...~~~~#
▓▓▓▓▓▓▓▓▓▓▓▓▓▓#.#.#.#.#.......#
........~~~...##.#.#.##.......#
≈≈≈≈≈≈≈≈≈≈♣♣P.'.#.#.#.#.......#
♣♣♣♣♣♣♣♣♣♣♣♣PP##Y#.#.##########
♣♣♣##e##### ... $$#...# $ #...#
#####


You could see Dowan (fast).

Vanquished Creatures
  Erica (D)
  A centaur warrior (D)
  An orc high priest (D)
  An orc knight (D)
  A deep elf pyromancer (D)
  Duvessa (D)
  2 cane toads (D)
  A rime drake (D)
  An unseen horror (D)
  A komodo dragon (D)
  A queen bee (D)
  2 tyrant leeches (D)
  5 blink frogs (D)
  3 wandering mushrooms (D)
  A shadow (D)
  A spatial vortex (D)
  A redback (D)
  A swamp drake (D)
  4 orc warriors (D)
  2 centaurs (D)
  An earth elemental (D)
  A water elemental (D)
  A necrophage (D)
  32 killer bees (D)
  2 orc priests (D)
  A jelly (D)
  Jessica (D)
  A wizard (D)
  An orc wizard (D)
  A necromancer (D)
  3 humans (D)
  A kobold demonologist (D)
  A wolf (D)
  9 orcs (D)
  2 endoplasms (D)
  A rat (D)
91 creatures vanquished.

Notes
Turn   | Place    | Note
-------+----------+-------------------------------------------
     0 | D        | mhtbhm the Troll Transmuter began the quest for the Orb.
     0 | D        | Reached XP level 1. HP: 18/18 MP: 1/1
   140 | D        | Noticed Jessica
   148 | D        | Killed Jessica
   149 | D        | Reached skill level 5 in Unarmed Combat
   149 | D        | Reached XP level 2. HP: 10/26 MP: 1/3
   149 | D        | Reached XP level 3. HP: 12/32 MP: 1/4
   222 | D        | Learned a level 2 spell: Wereblood
   240 | D        | Reached skill level 1 in Fighting
   242 | D        | Reached skill level 6 in Unarmed Combat
   278 | D        | Learned a level 3 spell: Spider Form
   280 | D        | Noticed a water elemental
   283 | D        | Killed a water elemental
   284 | D        | Reached skill level 7 in Unarmed Combat
   284 | D        | Reached XP level 4. HP: 41/41 MP: 2/7
   372 | D        | Noticed a shadow
   379 | D        | Killed a shadow
   380 | D        | Reached skill level 1 in Stealth
   380 | D        | Reached skill level 9 in Unarmed Combat
   380 | D        | Reached XP level 5. HP: 28/49 MP: 5/9
   380 | D        | Reached XP level 6. HP: 33/57 MP: 5/10
   386 | D        | Found a blossoming altar of Fedhas.
   386 | D        | Found a stormy altar of Qazlal.
   386 | D        | Found a snail-covered altar of Cheibriados.
   386 | D        | Found a burning altar of Makhleb.
   386 | D        | Found a shimmering altar of Xom.
   387 | D        | Found a hazy altar of Hepliaklqana.
   387 | D        | Found an opulent altar of Gozag.
   387 | D        | Found a sparkling altar of Nemelex Xobeh.
   387 | D        | Found a corrupted altar of Lugonu.
   387 | D        | Found a viscous altar of Jiyva.
   387 | D        | Noticed a spatial vortex
   394 | D        | Killed a spatial vortex
   395 | D        | Reached skill level 10 in Unarmed Combat
   398 | D        | Became a worshipper of Gozag Ym Sagoz the Greedy
   420 | D        | Learned a level 4 spell: Ice Form
   436 | D        | Found a basalt altar of Yredelemnul.
   436 | D        | Found a shadowy altar of Dithmenos.
   436 | D        | Found a sacrificial altar of Ru.
   442 | D        | Reached skill level 5 in Transmutations
   450 | D        | Found a hide-covered altar of Uskayaw.
   450 | D        | Found an iron altar of Okawaru.
   451 | D        | Found a bloodstained altar of Trog.
   451 | D        | Found an ornate altar of the Wu Jian Council.
   451 | D        | Noticed a human
   451 | D        | Noticed a human
   462 | D        | Killed a human
   463 | D        | Reached skill level 11 in Unarmed Combat
   463 | D        | Reached XP level 7. HP: 25/66 MP: 10/13
   463 | D        | Killed a human
   464 | D        | Reached skill level 5 in Spellcasting
   588 | D        | Found a radiant altar of Vehumet.
   588 | D        | Found a shimmering blue altar of Sif Muna.
   588 | D        | Found an ancient bone altar of Kikubaaqudgha.
   603 | D        | Found a glowing silver altar of Zin.
   603 | D        | Found a glowing golden altar of the Shining One.
   603 | D        | Found a white marble altar of Elyvilon.
   604 | D        | Noticed a deep elf pyromancer
   608 | D        | Killed a deep elf pyromancer
   609 | D        | Reached skill level 12 in Unarmed Combat
   609 | D        | Reached XP level 8. HP: 75/75 MP: 9/15
   797 | D        | Noticed Erica
   807 | D        | Killed Erica
   808 | D        | Reached skill level 1 in Ice Magic
   878 | D        | Reached skill level 13 in Unarmed Combat
   878 | D        | Reached skill level 1 in Evocations
   910 | D        | Noticed a centaur warrior
   912 | D        | Reached skill level 5 in Dodging
   912 | D        | Reached XP level 9. HP: 84/84 MP: 10/17
   916 | D        | Killed a centaur warrior
   929 | D        | Killed an unseen horror
  1014 | D        | Reached skill level 14 in Unarmed Combat
  1017 | D        | Noticed a queen bee
  1053 | D        | Killed a queen bee
  1091 | D        | Reached XP level 10. HP: 68/94 MP: 19/19
  1123 | D        | Reached skill level 15 in Unarmed Combat
  1181 | D        | Bought 3 scrolls labelled ACIORI DEUST for 102 gold pieces
  1181 | D        | Bought a scroll labelled ITRONE SACEUNO for 34 gold pieces
  1225 | D        | Noticed a cane toad
  1225 | D        | Noticed a cane toad
  1227 | D        | Killed a cane toad
  1228 | D        | Reached skill level 5 in Fighting
  1228 | D        | Killed a cane toad
  1231 | D        | Reached skill level 16 in Unarmed Combat
  1322 | D        | Reached skill level 17 in Unarmed Combat
  1395 | D        | Bought a scroll of identify for 30 gold pieces
  1395 | D        | Bought 3 scrolls of fear for 180 gold pieces
  1395 | D        | Bought 2 scrolls of identify for 60 gold pieces
  1409 | D        | Found Dytz's Antique Armour Emporium.
  1418 | D        | Reached XP level 11. HP: 104/104 MP: 15/21
  1422 | D        | Noticed an orc knight
  1423 | D        | Noticed an orc high priest
  1435 | D        | Killed an orc knight
  1438 | D        | Killed an orc high priest
  1561 | D        | Noticed Dowan
  1561 | D        | Noticed Duvessa
  1573 | D        | Killed Duvessa
  1574 | D        | Reached skill level 18 in Unarmed Combat
  1576 | D        | Killed from afar by Dowan

Illustrated notes

Levels and vault maps discovered:
D:        dungeon_sprint_mu [sprint_mu_entry_cave, sprint_mu_temple_rooms,
          sprint_mu_d1_horrors, sprint_mu_d2_genie, sprint_mu_d3_branching,
          sprint_mu_orc_legion, sprint_mu_elf_gauntlet, sprint_mu_hive_nellie,
          sprint_mu_lair_fedhas, sprint_mu_vaults_butterflies,
          sprint_mu_slime_circle, sprint_mu_swamp_cave, sprint_mu_shoals_archi,
          sprint_mu_blade_basic, sprint_mu_crypt_fortress,
          sprint_mu_tomb_spiral, sprint_mu_vestibule_basic,
          sprint_mu_gehenna_hellfire, sprint_mu_dis_giant,
          sprint_mu_tartarus_statrot, sprint_mu_cocytus_islands, sprint_mu_zot1]

Skill      XL: |  1  2  3  4  5  6  7  8  9 10 11 |
---------------+----------------------------------+-----
Dodging        | 2 3 4 5 6 7 |  7.6
Unarmed Combat | 5 7 9 11 12 13 14 17 18 | 18.0
Transmutations | 2 3 4 5 6 7 8 |  8.9
Fighting       | 1 2 3 4 5 |  5.5
Spellcasting   | 2 3 4 5 6 7 |  7.9
Stealth        | 1 2 3 |  3.9
Ice Magic      | 1 3 |  3.9
Evocations     | 1 |  1.3
Poison Magic   | |  0.1

Action                   |  1- 3 |  4- 6 |  7- 9 | 10-12 || total
-------------------------+-------+-------+-------+-------++-------
Melee: Unarmed           |    16 |    21 |    96 |   123 ||   256
       Kick              |     4 |     6 |       |       ||    10
       Punch             |     1 |     1 |       |     1 ||     3
       Headbutt          |       |     2 |       |       ||     2
 Cast: Beastly Appendage |     3 |     3 |       |       ||     6
       Wereblood         |     2 |     2 |     6 |     6 ||    16
       Ice Form          |       |       |     6 |     5 ||    11
Invok: Call Merchant     |       |       |       |     2 ||     2
Evoke: Piece from Xom's  |       |     2 |       |     3 ||     5
  Use: Potion            |     1 |       |       |       ||     1
       Scroll            |       |     1 |       |     7 ||     8
 Stab: Paralysed         |       |     1 |       |       ||     1
       Distracted        |       |       |     1 |     2 ||     3
Armor: Robe              |     1 |     3 |       |     2 ||     6
       Skin              |       |       |    22 |    14 ||    36
Dodge: Dodged            |     4 |     7 |    49 |    41 ||   101

Table legend: (Time is in decaauts)
 A = Elapsed time spent in this place.
 B = Non-inter-level travel time spent in this place.
 C = Inter-level travel time spent in this place.
 D = Time resting spent in this place.
 E = Time spent auto-exploring this place.
 F = Levels seen in this place.
 G = Mean time per level.
                   A        B        C        D        E       F      G
               +--------+--------+--------+--------+--------+-----+--------+
         Total |   1520 |   1520 |      0 |    681 |     14 |   1 | 1520.0 |
       Dungeon |   1520 |   1520 |      0 |    681 |     14 |   1 | 1520.0 |
               +--------+--------+--------+--------+--------+-----+--------+

Top non-repeatable levels by time:
       D: 1520 daAuts
